 Dungeon Crawl Stone Soup version 0.31-a0-187-gba352fbbf7 (webtiles) character file.

Game seed: 10025623325330995431

1390 qw the Skirmisher (level 8, -15/48 HPs)
             Began as a Deep Elf Hunter on June 22, 2023.
             Demolished by an ogre
             ... wielding a +0 giant spiked club
              (18 damage)
             ... on level 5 of the Dungeon.
             The game lasted 00:01:35 (4284 turns).

qw the Skirmisher (Deep Elf Hunter)                 Turns: 4284, Time: 00:01:36

Health: -15/48     AC:  8    Str: 10    XL:     8   Next: 40%
Magic:  10/10      EV: 12    Int: 15    God:
Gold:   300        SH:  0    Dex: 18    Spells: 7/7 levels left

rFire   + . .        a - +1 orcbow (freeze)
rCold   . . .        (shield currently unavailable)
rNeg    . . .        l - +0 ring mail {rF+}
rPois   .            b - +0 helmet
rElec   .            (no cloak)
rCorr   .            k - +0 pair of gloves
SInv    .            g - +0 pair of boots
Will    .....        (no amulet)
Stlth   +            (no ring)
HPRegen 0.28/turn    (no ring)
MPRegen 0.12/turn

%: no passive effects
@: about to teleport
A: no striking features
a: no special abilities


You were on level 5 of the Dungeon.
You visited 1 branch of the dungeon, and saw 5 of its levels.

You collected 358 gold pieces.
You spent 58 gold pieces at shops.


   Skills:
 - Level 3.8 Fighting
 + Level 12.2 Ranged Weapons
 - Level 1.0 Armour
 - Level 5.1 Dodging
 - Level 1.2 Stealth


You had 7 spell levels left.
You didn't know any spells.
Your spell library was empty.

Inventory:

Hand Weapons
 a - a +1 orcbow of freezing (weapon)
Armour
 b - a +0 helmet (worn)
 g - a +0 pair of boots (worn)
 k - a +0 pair of gloves (worn)
 l - a +0 ring mail of fire resistance (worn)
Scrolls
 c - a scroll of teleportation
 f - a scroll of identify
 n - a scroll of revelation {unknown}
Potions
 d - 2 potions of curing
 e - a potion of attraction {unknown}
 h - a potion of enlightenment
 i - a potion of magic {unknown}
 j - a potion of lignification {unknown}
 m - 2 potions of haste

Dungeon Overview and Level Annotations

Branches:
Dungeon (5/15)
 Temple: D:4-7

Altars:
Nemelex Xobeh
Sif Muna

Shops:
D:2 [([(

Annotations:
D:3 1 runed translucent door, Crazy Yiuf


Message History

You kill the orc!
You shoot an arrow.
The arrow hits the wyvern but does no damage.
The wyvern closely misses you.
You shoot an arrow. The arrow barely misses the wyvern.
The arrow hits the ogre but does no damage.
The wyvern bites you but does no damage. x2
You shoot an arrow. The arrow hits the wyvern.
The arrow freezes the wyvern.
The wyvern is lightly wounded.
The wyvern misses you. The wyvern bites you!
You shoot an arrow. The arrow hits the wyvern!
The arrow freezes the wyvern!
The wyvern is almost dead.
The wyvern bites you but does no damage.
You shoot an arrow.
The arrow hits the wyvern but does no damage.
The wyvern is almost dead.
The wyvern bites you.
The wyvern hisses menacingly.
The wyvern bites you!
You shoot an arrow.
The arrow hits the wyvern but does no damage.
The wyvern is almost dead.
The wyvern bites you.
You shoot an arrow. The arrow hits the wyvern!
The arrow freezes the wyvern.
You kill the wyvern!
Your Fighting skill increases to level 3!
You shoot an arrow. The arrow hits the yak!
The arrow freezes the yak.
The yak is moderately wounded.
The yak gores you!
4282 ||| READING 2 scrolls of teleportation.
As you read the scroll of teleportation, it crumbles to dust.
You feel strangely unstable. The yak barely misses you.
You shoot an arrow. The arrow hits the yak!
The arrow freezes the yak!
You kill the yak!
Your Dodging skill gained 2 levels and is now at level 5!
You shoot an arrow. The arrow hits the ogre.
The arrow freezes the ogre.
The ogre is moderately wounded.
The ogre hits you with a +0 giant spiked club!!
You die...

####.###...##+#
#'##...#.# #
#.#...###
#...#..###...#
#....##
#...#..#.##..# #..#.+
#...#..#(.'.## ##...#
#...#..#%##.# ##...#
#...#.[###..#
#.....## .O.####...##
##.##....##O##....###
#.........@...####
#####.....####
#######


You could see 2 ogres.

Vanquished Creatures
  A wyvern (D:5)
  A yak (D:5)
  2 water moccasins (D:5)
  4 black bears
  A scorpion (D:5)
  2 jellies (D:5)
  Jessica (D:3)
  6 iguanas
  Robin (D:2)
  7 adders
  4 gnolls (D:5)
  4 ufetubi (D:5)
  A dart slug (D:1)
  10 orcs
  3 endoplasms
  10 goblins
  10 hobgoblins
  9 jackals
  14 kobolds
  3 quokkas
  11 ball pythons
  2 bats
  4 frilled lizards
  2 rats
113 creatures vanquished.

Notes
Turn   | Place    | Note
-------+----------+-------------------------------------------
     0 | D:1      | qw the Deep Elf Hunter began the quest for the Orb.
     0 | D:1      | Reached XP level 1. HP: 12/12 MP: 3/3
     0 | D:1      | 0 ||| qw: Version: 0.3-a-9-g12657ce
     0 | D:1      | 0 ||| qw: Game counter: 2612
     0 | D:1      | 0 ||| qw: Always use a shield: true
     0 | D:1      | 0 ||| qw: God list: Okawaru
     0 | D:1      | 0 ||| qw: Allow faded altars: false
     0 | D:1      | 0 ||| qw: Do Orc after D:15 true
     0 | D:1      | 0 ||| qw: Do second Lair branch before Depths: true
     0 | D:1      | 0 ||| qw: Lair rune preference: random
     0 | D:1      | 0 ||| qw: Plans: Normal
     0 | D:1      | 0 ||| PLANNING D:1-11
   199 | D:1      | Found a faded altar of an unknown god.
   215 | D:1      | Reached XP level 2. HP: 16/16 MP: 4/4
   233 | D:1      | Reached skill level 6 in Ranged Weapons
   999 | D:1      | 999 ||| UPGRADING to +0 pair of boots.
  1004 | D:1      | 1004 ||| DROPPING ring of magical power.
  1005 | D:1      | 1005 ||| DROPPING +6 ring of intelligence.
  1006 | D:1      | 1006 ||| READING scroll labelled VUNGEI GUAFI.
  1007 | D:1      | 1007 ||| READING scroll labelled GINAH WUOPIGY.
  1008 | D:1      | 1008 ||| READING scroll labelled WAEN XUCVOWO.
  1013 | D:1      | 1013 ||| READING scroll labelled RAMYPR VOORHIA.
  1014 | D:1      | 1014 ||| READING scroll labelled OWANUIRROG.
  1015 | D:1      | 1015 ||| DROPPING scroll of butterflies.
  1160 | D:2      | Reached XP level 3. HP: 20/20 MP: 5/5
  1200 | D:2      | Found Tamaw's Armour Emporium.
  1207 | D:2      | Noticed Robin
  1214 | D:2      | Killed Robin
  1215 | D:2      | Reached skill level 7 in Ranged Weapons
  1230 | D:2      | 1230 ||| SHOPLISTING +0 ring mail of fire resistance (132
                  | gold, have 79).
  1230 | D:2      | 1230 ||| SHOPLISTING +3 leather armour of cold resistance
                  | (288 gold, have 79).
  1230 | D:2      | 1230 ||| SHOPLISTING +3 leather armour of willpower (288
                  | gold, have 79).
  1230 | D:2      | 1230 ||| SHOPLISTING +4 scale mail "Reyffuav" {Harm Regen+
                  | Dex+3} (447 gold, have 79).
  1333 | D:2      | Found Fiatsism's Weapon Emporium.
  1333 | D:2      | Noticed a +0 demon whip
  1333 | D:2      | Noticed a +0 lajatang
  1344 | D:2      | 1344 ||| UPGRADING to +0 ring mail.
  1396 | D:2      | 1396 ||| UPGRADING to +0 helmet.
  1401 | D:2      | 1401 ||| DROPPING +0 leather armour.
  1404 | D:2      | 1404 ||| SHOPLISTING +1 orcbow of flaming (146 gold, have
                  | 79).
  1534 | D:2      | Reached XP level 4. HP: 25/25 MP: 6/6
  1564 | D:2      | 1564 ||| DROPPING +0 heavy sling.
  1609 | D:2      | Found Udocygie's Weapon Shoppe.
  1753 | D:2      | Found Bieliema's Armour Shop.
  1762 | D:2      | 1762 ||| BUYING +0 pair of gloves (58 gold).
  1762 | D:2      | Bought a +0 pair of gloves for 58 gold pieces
  1762 | D:2      | 1762 ||| UPGRADING to +0 pair of gloves.
  1921 | D:2      | 1921 ||| DROPPING ring of wizardry.
  1922 | D:2      | 1922 ||| READING scroll labelled XOTU MEOCKU.
  2015 | D:3      | 2015 ||| READING scroll of brand weapon.
  2015 | D:3      | 2015 ||| BRANDING +0 shortbow of freezing.
  2045 | D:3      | Noticed Jessica
  2047 | D:3      | Killed Jessica
  2057 | D:3      | Reached skill level 8 in Ranged Weapons
  2525 | D:3      | Reached skill level 1 in Armour
  2765 | D:3      | Found a runed translucent door.
  2766 | D:3      | Noticed Crazy Yiuf
  2903 | D:3      | 2903 ||| READING scroll labelled QATEOJ IMMAXEZ.
  2904 | D:3      | 2904 ||| DRINKING 3 brown potions.
  2954 | D:4      | Reached XP level 5. HP: 29/29 MP: 7/7
  2977 | D:4      | Noticed a black bear
  2982 | D:4      | Killed a black bear
  2983 | D:4      | Reached skill level 9 in Ranged Weapons
  3191 | D:4      | Reached XP level 6. HP: 35/35 MP: 8/8
  3416 | D:4      | 3416 ||| READING scroll labelled LIGILUMNOA.
  3417 | D:4      | 3417 ||| DRINKING 2 bubbling pink potions.
  3418 | D:4      | 3418 ||| DRINKING 2 amethyst potions.
  3419 | D:4      | 3419 ||| DRINKING 2 lumpy orange potions.
  3420 | D:4      | 3420 ||| DROPPING potion of degeneration.
  3446 | D:5      | Entered Level 5 of the Dungeon
  3451 | D:5      | 3451 ||| STAIRDANCE
  3507 | D:5      | 3507 ||| STAIRDANCE
  3516 | D:4      | Reached skill level 10 in Ranged Weapons
  3636 | D:5      | Reached skill level 3 in Dodging
  3636 | D:5      | Reached XP level 7. HP: 28/40 MP: 9/9
  3877 | D:5      | Reached skill level 11 in Ranged Weapons
  3888 | D:5      | Found a sparkling altar of Nemelex Xobeh.
  3890 | D:5      | Found a shimmering blue altar of Sif Muna.
  4068 | D:5      | 4068 ||| UPGRADING to +0 ring mail of fire resistance.
  4078 | D:5      | 4078 ||| DROPPING +0 ring mail.
  4080 | D:5      | 4080 ||| DROPPING ring of flight.
  4081 | D:5      | 4081 ||| READING scroll labelled TAWNEM FEFI.
  4082 | D:5      | 4082 ||| READING scroll labelled GISINE DEWYJU.
  4082 | D:5      | Identified a scroll of acquirement
  4082 | D:5      | 4082 ||| ACQUIRING +1 orcbow of freezing
  4082 | D:5      | Acquired a +1 orcbow of freezing
  4099 | D:5      | Reached skill level 12 in Ranged Weapons
  4099 | D:5      | Reached XP level 8. HP: 40/44 MP: 10/10
  4124 | D:5      | 4124 ||| SWAPPING to +1 orcbow of freezing.
  4125 | D:5      | 4125 ||| DROPPING +1 shortbow of flaming.
  4281 | D:5      | Reached skill level 3 in Fighting
  4281 | D:5      | HP: 3/48 [yak (11)]
  4282 | D:5      | 4282 ||| READING 2 scrolls of teleportation.
  4284 | D:5      | Demolished by an ogre

Levels and vault maps discovered:
D:1:      saegor_arrival_fortress, layout_basic, ebering_ecumenical_altar_mist
D:2:      layout_loops_corners, serial_shops, shop, nicolae_shop_mannequins,
          shop, shop, kennysheep_generic_room_6, uniq_robin
D:3:      layout_basic, wander_ebering_terrifying_dragon_lair, uniq_jessica,
          uniq_crazy_yiuf_cottage
D:4:      layout_rooms, chequers_serial_rivers_micro_d,
          kennysheep_generic_room_11
D:5:      layout_rooms, mainiacjoe_overflow_alcove_3, jmf_multi_god_temple,
          minmay_temple_entry_glassed_door, minmay_divided_ellipse,
          uniq_menkaure

Skill      XL: |  1  2  3  4  5  6  7  8 |
---------------+-------------------------+-----
Ranged Weapons | 6 7 8 9 10 12 | 12.2
Armour         | 1 |  1.0
Fighting       | 2 3 |  3.8
Dodging        | 3 5 |  5.1
Stealth        | |  1.2

Action                     |  1- 3 |  4- 6 |  7- 9 || total
---------------------------+-------+-------+-------++-------
   Fire: Shortbow          |    94 |   146 |    69 ||   309
         Orcbow            |       |       |    22 ||    22
    Use: Scroll            |     5 |     4 |     3 ||    12
         Potion            |       |     4 |       ||     4
 Armour: Leather armour    |     6 |       |       ||     6
         Ring mail         |     3 |    36 |    19 ||    58
         Skin              |     3 |       |       ||     3
  Dodge: Dodged            |    26 |    45 |    55 ||   126

Table legend:
 A = Non-vault XP
 B = Vault XP
 C = Vault XP percentage of total XP
 D = Non-vault monster count
 E = Vault monster count
 F = Vault count percentage of total count
                 A         B        C        D         E       F
            +---------+---------+-------+---------+---------+-------
      Total |    1161 |     826 |  41.6 |      89 |      24 |  21.2
            +---------+---------+-------+---------+---------+-------
        D:1 |      38 |       0 |   0.0 |      21 |       0 |   0.0
        D:2 |      32 |      36 |  52.9 |      19 |      12 |  38.7
        D:3 |      50 |      38 |  43.2 |      11 |       2 |  15.4
        D:4 |     405 |       1 |   0.2 |      17 |       1 |   5.6
        D:5 |     636 |     751 |  54.1 |      21 |       9 |  30.0
            +---------+---------+-------+---------+---------+-------
